 Dungeon Crawl Stone Soup version 0.28.0-47-ge53b351184 (webtiles) character file.

Game seed: 1561855199053813457

161 Zeld the Shield-Bearer (level 5, -6/42 (46) HPs)
             Began as a Minotaur Fighter on Apr 27, 2022.
             Mangled by a wight
             ... wielding a +4 halberd
              (9 damage)
             ... on level 4 of the Dungeon.
             The game lasted 00:01:44 (1370 turns).

Zeld the Shield-Bearer (Minotaur Fighter)           Turns: 1370, Time: 00:01:45

HP:   -6/42 (46)    AC:  7    Str: 23    XL:     5   Next: 18%
MP:   4/4           EV:  9    Int:  5    God:
Gold: 114           SH:  4    Dex:  9    Spells: 4/4 levels left

rFire   . . .      SeeInvis .   a - +0 war axe
rCold   . . .      Faith    .   c - +0 buckler
rNeg    . . .      Spirit   .   b - +0 scale mail
rPois   .          Reflect  .   (helmet restricted)
rElec   .          Harm     .   (no cloak)
rCorr   +          Rampage  .   (no gloves)
Will    .....                   (no boots)
Stlth   ..........              (no amulet)
HPRegen 0.14/turn               i - ring of resist corrosion
MPRegen 0.09/turn               (no ring)

@: lethally poisoned (-6 -> -10), drained
A: horns 2, retaliatory headbutt
a: no special abilities


You were on level 4 of the Dungeon.
You visited 1 branch of the dungeon, and saw 4 of its levels.

You collected 114 gold pieces.

Inventory:

Hand Weapons
 a - a +0 war axe (weapon)
Armour
 b - a +0 scale mail (worn)
 c - a +0 buckler (worn)
Jewellery
 i - a ring of resist corrosion (left hand)
Scrolls
 e - a scroll of torment {unknown}
 g - a scroll of vulnerability {unknown}
 h - 2 scrolls of identify {unknown}
 j - a scroll of fear {unknown}
 k - a scroll of teleportation {unknown}
 l - a scroll of immolation {unknown}
 o - a scroll of enchant weapon {unknown}
 p - a scroll of summoning {unknown}
Potions
 d - a potion of might
 f - a potion of flight {unknown}
 m - a potion of curing {unknown}
 n - a potion of heal wounds {unknown}


   Skills:
 + Level 4.1 Fighting
 * Level 3.9 Axes
 + Level 4.2 Armour
 + Level 1.4 Dodging
 + Level 1.2 Stealth
 * Level 4.8 Shields


You had 4 spell levels left.
You didn't know any spells.
Your spell library was empty.

Dungeon Overview and Level Annotations

Branches:
Dungeon (4/15)
 Temple: D:4-7

Altars:
Uskayaw

Portals:
Sewer: D:4


Innate Abilities, Weirdness & Mutations

You have a pair of horns on your head.
You reflexively headbutt those who attack you in melee.


Message History

A hound skeleton comes into view.
The hound skeleton bites you but does no damage.
You block the hound skeleton's attack.
You hit the hound skeleton.
The hound skeleton is lightly damaged.
You block the hound skeleton's attack.
You slash the hound skeleton!
You destroy the hound skeleton!
No target in view!
Found 14 gold pieces.
Found a scroll labelled LIWITR AKKYPUO.
You now have 114 gold pieces (gained 14).
p - a scroll labelled LIWITR AKKYPUO
Found a morningstar.
You hear the slow rusting of a drain nearby.
You see here a +0 morningstar.
Found a stone staircase leading up.
A wight comes into view.
It is wielding a +4 halberd. 2 wights come into view.
Found a glowing drain.
The adder hisses angrily.
A wight comes into view. It is wielding a +3 mace of freezing.
Found a leather armour.
The wight closely misses you.
Press: ? - help, v - describe, . - travel
Here: a wight, wielding a +4 halberd and wearing a +0 robe The floor.
You open the door. The wight barely misses you.
The adder bites you but does no damage.
You closely miss the adder. You hit the wight. You closely miss the wight.
The adder bites you.
You are poisoned.
The adder poisons you! The wight hits you with a +4 halberd!
You feel drained.
The wight hits you with a +4 long sword!
* * * LOW HITPOINT WARNING * * *
You feel drained.
* * * LOW HITPOINT WARNING * * *
You feel sick. The adder bites you.
* * * LOW HITPOINT WARNING * * *
The wight hits you from afar with a +4 halberd!
You die...

......
##.#####.....
......
#..#≈≈≈#.....
......
#..#≈≈≈#.....
...##. #
#..#≈∩≈#..... ..
#. ##.
#..#S≈≈#..... #.
#...##..#BBB#z....
........##S##.#
........@.z..###
#.......zz....#
##..............
###..#..<.##....
#....#....# [..
#.........# ..
#.......###. .
##...#.......
#............#


You could see 4 wights, 2 adders and 3 giant cockroaches.

Vanquished Creatures
  A water moccasin skeleton (D:4)
  A hound (D:4)
  A hound skeleton (D:4)
  2 adders (D:2)
  An adder zombie (D:3)
  5 orcs (D:4)
  3 bats (D:1)
  4 endoplasms
  4 giant cockroaches
  4 hobgoblins
  A kobold (D:1)
  2 quokkas (D:1)
  4 ball pythons (D:1)
  3 frilled lizards (D:1)
  4 goblins
  2 rats (D:1)
42 creatures vanquished.

Notes
Turn   | Place    | Note
-------+----------+-------------------------------------------
     0 | D:1      | Zeld the Minotaur Fighter began the quest for the Orb.
     0 | D:1      | Reached XP level 1. HP: 19/19 MP: 0/0
   285 | D:1      | Reached XP level 2. HP: 27/27 MP: 1/1
   728 | D:2      | Reached XP level 3. HP: 33/33 MP: 2/2
  1018 | D:3      | Reached skill level 1 in Dodging
  1054 | D:3      | Found a hide-covered altar of Uskayaw.
  1178 | D:4      | Reached XP level 4. HP: 29/40 MP: 3/3
  1181 | D:4      | Reached skill level 1 in Stealth
  1274 | D:4      | Reached XP level 5. HP: 41/46 MP: 4/4
  1364 | D:4      | Found a glowing drain.
  1370 | D:4      | Mangled by a wight

Illustrated notes

Levels and vault maps discovered:
D:1:      dpeg_arrival_tiny_j, layout_rooms, chequers_hall_statues_wall_a,
          minmay_tetromino_s4
D:2:      layout_loops_ring, minmay_crystal_water, minivault_14,
          minmay_distorted
D:3:      layout_basic, slow_altar_2, old_standard_altar
D:4:      layout_cave_pools, temple_green, gup_sewer_entry_glass

Skill      XL: |  1  2  3  4 |
---------------+-------------+-----
Shields        | 4 |  4.8
Axes           | 3 |  3.9
Armour         | 4 |  4.2
Dodging        | 1 |  1.4
Fighting       | 4 |  4.1
Stealth        | 1 |  1.2

Action                   |  1- 3 |  4- 6 || total
-------------------------+-------+-------++-------
Melee: War axe           |    58 |    12 ||    70
       Headbutt          |     4 |     2 ||     6
Armor: Scale mail        |    36 |     7 ||    43
Dodge: Dodged            |    39 |     5 ||    44
Block: Buckler           |    14 |     4 ||    18
